 Dungeon Crawl Stone Soup version 0.29-a0-317-gd16b76e6b1 (webtiles) character file.

Game seed: 3716594698333577844

1001 Dabor the Shield-Bearer (level 8, 0/49 HPs)
             Began as a Gargoyle Fighter on Mar 30, 2022.
             Was a Priest of Cheibriados.
             Slain by an acid dragon (7 damage)
             ... on level 5 of the Dungeon.
             The game lasted 00:07:28 (4646 turns).

Dabor the Shield-Bearer (Gargoyle Fighter)          Turns: 4646, Time: 00:07:28

Health: 0/49       AC: 14    Str: 31    XL:     8   Next: 20%
Magic:  7/9        EV: 11    Int: 16    God:    Cheibriados [***...]
Gold:   255        SH:  6    Dex: 17    Spells: 7/7 levels left

rFire   + . .      SeeInvis .   A - +2 trident (vamp)
rCold   . . .      Faith    .   c - +0 buckler
rNeg    + . .      Spirit   .   b - +0 scale mail
rPois   ∞          Reflect  .   (no helmet)
rElec   +          Harm     .   x - +1 cloak {rPois}
rCorr   .          Rampage  .   p - +2 pair of gloves
Will    .....                   (no boots)
Stlth   ..........              (no amulet)
HPRegen 0.16/turn               t - ring of protection from fire
MPRegen 0.11/turn               (no ring)

@: corroded, very slow
A: sickness immunity, AC +5, negative energy resistance 1, electricity
resistance, torment resistance 1, petrification resistance
a: Renounce Religion, Bend Time, Temporal Distortion


You were on level 5 of the Dungeon.
You worshipped Cheibriados.
Cheibriados was most pleased with you.
You visited 1 branch of the dungeon, and saw 5 of its levels.

You collected 255 gold pieces.

Inventory:

Hand Weapons
 A - a +2 vampiric trident (weapon)
 B - a +1 whip of freezing
Missiles
 j - 15 poisoned darts (quivered)
 r - 4 javelins
Armour
 b - a +0 scale mail (worn)
 c - a +0 buckler (worn)
 p - a +2 pair of gloves (worn)
 x - a +1 cloak of poison resistance (worn)
Jewellery
 t - a ring of protection from fire (left hand)
Wands
 y - a wand of paralysis (15)
 z - a wand of iceblast (10)
Scrolls
 e - 4 scrolls of magic mapping
 g - 2 scrolls of amnesia
 i - a scroll of immolation
 o - a scroll of enchant armour
 u - a scroll of enchant weapon
Potions
 d - a potion of might
 h - a potion of attraction
 l - a potion of heal wounds
 m - a potion of curing
 n - 2 potions of ambrosia {unknown}
 s - a potion of flight {unknown}
 v - 2 potions of degeneration {unknown}
 w - a potion of haste {unknown}


   Skills:
 + Level 5.2 Fighting
 + Level 4.1 Maces & Flails
 + Level 2.7 Throwing
 + Level 5.1 Armour
 + Level 2.5 Dodging
 + Level 5.3 Shields
 + Level 2.4 Invocations


You had 7 spell levels left.
You didn't know any spells.
Your spell library contained the following spells:

 Spells                   Type           Power      Damage    Failure   Level
 Gell's Gravitas          Tloc           0%         N/A       88%         3
 Ozocubu's Armour         Ice            0%         N/A       88%         3
 Teleport Other           Tloc           0%         N/A       88%         3
 Petrify                  Tmut/Erth      0%         N/A       99%         4
 Irradiate                Conj/Tmut      0%         3d13      100%        5
 Dispersal                Tloc           0%         N/A       100%        6
 Ozocubu's Refrigeration  Ice            0%         4d5       100%        7
 Sublimation of Blood     Necr           Unusable   N/A       N/A         2

Dungeon Overview and Level Annotations

Branches:
Dungeon (5/15)
 Temple: D:4-7

Altars:
Ashenzari
Cheibriados
Elyvilon
Ru
Yredelemnul


Innate Abilities, Weirdness & Mutations

You are immune to sickness and miasma.
Your stone body is resilient. (AC +5)
You are immune to poison.
You resist negative energy. (rN+)
You are resistant to electric shocks. (rElec)
You are resistant to unholy torment.
You are immune to petrification.


Message History

Cheibriados rebukes the acid dragon.
The acid dragon seems to slow down.
The acid dragon bites you. The acid dragon misses you.
You puncture the acid dragon!
You feel better.
The acid dragon is moderately wounded.
The acid dragon bites you. The acid dragon barely misses you.
You puncture the acid dragon!
You feel better.
The acid dragon is severely wounded.
You block the acid dragon's attack.
The acid dragon claws you but does no damage.
You hit the acid dragon.
You feel better.
The acid dragon is severely wounded.
The acid dragon bites you but does no damage.
The acid dragon closely misses you.
You closely miss the acid dragon.
The acid dragon is severely wounded.
The acid dragon spits acid at you. The splash of acid hits you!!
Ouch! That really hurt!
The acid corrodes you!
You hit the acid dragon but do no damage.
The acid dragon is severely wounded.
The acid dragon barely misses you. You block the acid dragon's attack.
You closely miss the acid dragon.
The acid dragon is severely wounded.
The acid dragon spits acid at you.
The splash of acid hits you but does no damage.
You hit the acid dragon but do no damage.
The acid dragon is severely wounded.
The acid dragon bites you but does no damage.
The acid dragon barely misses you.
You hit the acid dragon but do no damage.
The acid dragon is severely wounded.
The acid dragon is no longer moving slowly.
You hit the acid dragon but do no damage.
The acid dragon is severely wounded.
The acid dragon bites you!
* * * LOW HITPOINT WARNING * * *
You block the acid dragon's attack. The acid dragon bites you!
You die...

#..................# #.# ##
#####.......####.#.# #.##...
#.........# #.#.# #.##..#
#.#.......# #.#.# #.##..#
#.#..#...## #.#.#####.##..#
###.#..#.#.# #.............#
#......#.#########........#..###
###.##.#..#.#.#.##.............#
#.##.#.###.#..@#######.....#.#
#.##.#..#.####D# #.##..#
####.#.###.# ..# #.##..#
#.#..#.##[#.# #.##..#
#.#.#.#####.# #.....# #.#.###
#.# .....##.## ###.. ..#
#######.##### ##. .## #...... #
#######


You could see an acid dragon (catching breath).

Vanquished Creatures
  Sigmund (D:2)
  A water moccasin (D:5)
  A phantom (D:4)
  A scorpion (D:4)
  A howler monkey (D:5)
  4 jellies
  2 orc priests (D:4)
  A hound (D:5)
  Crazy Yiuf (D:3)
  Ijyb (D:3)
  Natasha (twice) (D:3)
  An iguana (D:4)
  An orc wizard (D:4)
  6 gnolls
  5 adders
  A worm (D:4)
  2 dart slugs
  15 orcs
  5 bats
  7 endoplasms
  5 giant cockroaches
  7 goblins
  6 hobgoblins
  3 jackals (D:1)
  3 kobolds
  2 quokkas
  8 ball pythons
  4 frilled lizards
  3 rats
100 creatures vanquished.

Notes
Turn   | Place    | Note
-------+----------+-------------------------------------------
     0 | D:1      | Dabor the Gargoyle Fighter began the quest for the Orb.
     0 | D:1      | Reached XP level 1. HP: 14/14 MP: 1/1
   218 | D:1      | Found a faded altar of an unknown god.
   355 | D:1      | Reached XP level 2. HP: 15/19 MP: 2/2
   718 | D:1      | Reached XP level 3. HP: 23/23 MP: 3/3
  1074 | D:1      | Prayed at the altar of an unknown god.
  1074 | D:1      | Became a worshipper of Cheibriados the Contemplative
  1074 | D:1      | Reached * piety under Cheibriados
  1386 | D:2      | Noticed Sigmund
  1400 | D:2      | Killed Sigmund
  1401 | D:2      | Reached skill level 1 in Throwing
  1401 | D:2      | Reached skill level 1 in Dodging
  1401 | D:2      | Reached XP level 4. HP: 16/29 MP: 4/4
  1401 | D:2      | Reached XP level 5. HP: 19/33 MP: 5/5
  2113 | D:3      | Noticed Ijyb
  2132 | D:3      | Killed Ijyb
  2133 | D:3      | Reached XP level 6. HP: 27/38 MP: 6/6
  2376 | D:3      | Reached ** piety under Cheibriados
  2673 | D:3      | Found a white marble altar of Elyvilon.
  2829 | D:3      | Found a runed translucent door.
  2830 | D:3      | Noticed Crazy Yiuf
  2940 | D:3      | Noticed Natasha
  2945 | D:3      | Killed Natasha
  3020 | D:3      | Noticed Natasha
  3032 | D:3      | Killed Natasha
  3188 | D:3      | Killed Crazy Yiuf
  3514 | D:4      | Reached skill level 1 in Invocations
  3514 | D:4      | Reached XP level 7. HP: 28/44 MP: 7/7
  3844 | D:4      | Found a basalt altar of Yredelemnul.
  3857 | D:4      | Reached *** piety under Cheibriados
  4003 | D:4      | Found a sacrificial altar of Ru.
  4045 | D:4      | Found a broken altar of Ashenzari.
  4144 | D:4      | Reached skill level 5 in Fighting
  4144 | D:4      | Reached skill level 5 in Shields
  4280 | D:5      | Entered Level 5 of the Dungeon
  4480 | D:5      | Reached skill level 5 in Armour
  4563 | D:5      | Reached XP level 8. HP: 49/49 MP: 9/9
  4646 | D:5      | Slain by an acid dragon

Illustrated notes

Levels and vault maps discovered:
D:1:      matt_arrival_spirals, layout_basic, dreamdust_ecumenical_altar_grove
D:2:      layout_basic, uniq_sigmund
D:3:      layout_loops_ring, nicolae_elyvilon_peaceful_grove,
          kennysheep_generic_room_9, uniq_crazy_yiuf_cottage, uniq_natasha,
          uniq_ijyb
D:4:      layout_cave_pools, mainiacjoe_overflow_paths,
          overflow_temple_1_default, mainiacjoe_overflow_catwalk,
          portal_sewer_entry_d
D:5:      minmay_octagon_keep, layout_basic, kennysheep_mini, minmay_small_thing

Skill      XL: |  1  2  3  4  5  6  7 |
---------------+----------------------+-----
Fighting       | 4 5 |  5.2
Maces & Flails | 3 4 |  4.1
Throwing       | 1 2 |  2.7
Armour         | 4 5 |  5.1
Dodging        | 1 2 |  2.5
Shields        | 4 5 |  5.3
Invocations    | 1 2 |  2.4

Action                   |  1- 3 |  4- 6 |  7- 9 || total
-------------------------+-------+-------+-------++-------
Melee: Flail             |    50 |       |       ||    50
       Spear             |    30 |   141 |    23 ||   194
       Trident           |       |       |   109 ||   109
Throw: Dart              |       |       |     5 ||     5
Invok: Bend Time         |       |     2 |     2 ||     4
  Use: Potion            |       |     1 |     1 ||     2
       Scroll            |       |       |     8 ||     8
Armor: Scale mail        |    49 |    70 |    65 ||   184
Dodge: Dodged            |    30 |    51 |    75 ||   156
Block: Buckler           |    17 |    27 |    35 ||    79

Table legend: (Time is in decaauts)
 A = Elapsed time spent in this place.
 B = Non-inter-level travel time spent in this place.
 C = Inter-level travel time spent in this place.
 D = Time resting spent in this place.
 E = Time spent auto-exploring this place.
 F = Levels seen in this place.
 G = Mean time per level.
                   A        B        C        D        E       F      G
               +--------+--------+--------+--------+--------+-----+--------+
         Total |   5823 |   5300 |    523 |      0 |   4404 |   5 | 1164.6 |
       Dungeon |   5823 |   5300 |    523 |      0 |   4404 |   5 | 1164.6 |
               +--------+--------+--------+--------+--------+-----+--------+

Top non-repeatable levels by time:
     D:3: 1704 daAuts
     D:2: 1232 daAuts
     D:1: 1184 daAuts
     D:4: 1126 daAuts
     D:5: 575 daAuts
